 Dungeon Crawl Stone Soup version 0.29.1-2-gbd0b4ee654 (webtiles) character file.

Game seed: 6528365294271759790

1530 Persephone the Slasher (level 8, -31/56 HPs)
             Began as an Octopode Fighter on Nov 14, 2022.
             Was an Initiate of Gozag.
             Annihilated by a two-headed ogre
             ... wielding a +0 giant club
              (33 damage)
             ... on level 9 of the Dungeon.
             The game lasted 00:13:26 (6155 turns).

Persephone the Slasher (Octopode Fighter)           Turns: 6155, Time: 00:13:27

Health: -31/56     AC:  8    Str: 16    XL:     8   Next: 85%
Magic:  8/8        EV: 16    Int: 10    God:    Gozag
Gold:   986        SH:  7    Dex: 19    Spells: 7/7 levels left

rFire   . . .      SeeInvis .   a - +1 long sword (protect)
rCold   . . .      Faith    .   b - +1 buckler
rNeg    . . .      Spirit   .   (helmet restricted)
rPois   .          Reflect  .   (no amulet)
rElec   .          Harm     .   h - +6 ring of dexterity
rCorr   .          Rampage  .   (no ring)
Will    .....                   (no ring)
Stlth   +++.......              (no ring)
HPRegen 0.18/turn               (no ring)
MPRegen 0.11/turn               (no ring)
                                (no ring)
                                (no ring)

@: under a protective aura
A: almost no armour, amphibious, 8 rings, camouflage 1, gelatinous body 1,
(nimble swimmer 1), tentacles
a: Renounce Religion, Potion Petition, Call Merchant, Bribe Branch


You were on level 9 of the Dungeon.
You worshipped Gozag.
Gozag was pleased with you.
You visited 1 branch of the dungeon, and saw 7 of its levels.

You collected 986 gold pieces.

Inventory:

Hand Weapons
 a - a +1 long sword of protection (weapon)
Missiles
 j - 3 poisoned darts (quivered)
Armour
 b - a +1 buckler (worn)
Jewellery
 h - a +6 ring of dexterity (left tentacle)
 l - a ring of wizardry
Wands
 c - a wand of flame (23)
Scrolls
 e - a scroll of amnesia
 f - a scroll of enchant armour
 g - a scroll of fog
 n - 3 scrolls of identify
 o - a scroll of teleportation
Potions
 d - 5 potions of curing
 i - 4 potions of heal wounds
 k - a potion of mutation
 m - a potion of haste
 p - a potion of berserk rage {unknown}
 q - 2 potions of degeneration
 r - a potion of lignification {unknown}
 s - a potion of ambrosia {unknown}


   Skills:
 + Level 5.5 Fighting
 * Level 7.1 Long Blades
 + Level 5.6 Dodging
 + Level 5.6 Shields


You had 7 spell levels left.
You didn't know any spells.
Your spell library contained the following spells:

 Spells                   Type           Power      Damage    Failure   Level
 Sandblast                Erth           0%         2d4       43%         1
 Passwall                 Tmut/Erth      0%         N/A       58%         2
 Static Discharge         Conj/Air       0%         3-3/arc   58%         2
 Sublimation of Blood     Necr           0%         N/A       58%         2
 Stone Arrow              Conj/Erth      0%         3d7       82%         3
 Petrify                  Tmut/Erth      0%         N/A       99%         4
 Blade Hands              Tmut           0%         N/A       100%        5
 Irradiate                Conj/Tmut      0%         3d11      100%        5
 Lightning Bolt           Conj/Air       0%         1d11      100%        5
 Dragon Form              Tmut           0%         N/A       100%        7
 Maxwell's Capacitive Co  Air            0%         ∞         100%        8


Dungeon Overview and Level Annotations

Branches:
Dungeon (6/15)
 Temple: D:4-7

Altars:
Cheibriados
Fedhas
Gozag
Zin
The Shining One

Shops:
D:4 *   D:6 =


Innate Abilities, Weirdness & Mutations

You cannot wear most types of armour.
You are amphibious.
You can wear up to eight rings at the same time.
Your skin changes colour to match your surroundings (Stealth+).
Your rubbery body absorbs attacks. (AC +1, EV +1)
((You are camouflaged when in or above water. (Stealth+)))
You have tentacles for arms and can constrict up to eight enemies at once.


Message History

You are poisoned.
The killer bee poisons you!
You feel sick. The killer bee closely misses you.
You feel sick. The killer bee misses you.
You feel sick. You block the killer bee's attack.
There is an open door here.
You hit the killer bee.
Your weapon exudes an aura of protection.
You grab the killer bee. You squeeze the killer bee!
The killer bee is heavily wounded.
You constrict the killer bee.
You feel sick. The killer bee stings you. You block the killer bee's attack.
You slash the killer bee!
You kill the killer bee!
You feel sick.
The orc priest is distracted by your dazzling golden aura.
Okay, then.
You feel sick.
You are no longer poisoned.
You throw a poisoned dart.
The poisoned dart hits the two-headed ogre.
The two-headed ogre is poisoned.
You slash the two-headed ogre!
Your weapon exudes an aura of protection.
The two-headed ogre is lightly wounded.
The two-headed ogre hits you with a +0 giant club!!
The two-headed ogre closely misses you.
You barely miss the two-headed ogre.
The two-headed ogre is lightly wounded.
You slash the two-headed ogre! You squeeze the two-headed ogre!
The two-headed ogre is heavily wounded.
You block the two-headed ogre's attack.
The two-headed ogre hits you with a +0 giant club!!
* * * LOW HITPOINT WARNING * * *
You barely miss the two-headed ogre. You squeeze the two-headed ogre!
The two-headed ogre is severely wounded.
The two-headed ogre hits you with a +0 giant club!!
Ouch! That really hurt!
You die...
Your body crumbles into a pile of gold.

## ## #. .# .
############## #.#. .#
#............###..# ...
#............'$##.# ....
#...........(#....##+O...
#..........O.##..#o..#
#.......).@..##...$..#$
#............######..#
###+########## ..# ..#
#+. .# . ..


You could see a two-headed ogre (poisoned).

Vanquished Creatures
  A water moccasin (D:5)
  An ice beast (D:5)
  3 ogres (D:5)
  2 centaurs
  A phantom (D:5)
  2 bullfrogs
  A necrophage (D:5)
  A scorpion (D:5)
  A killer bee (D:9)
  A gnoll bouda (D:5)
  2 orc wizards (D:5)
  Natasha (thrice) (D:4)
  6 iguanas
  A mummy (D:4)
  4 gnolls (D:5)
  8 adders
  A shadow imp (D:4)
  A white imp (D:5)
  3 ufetubi
  A worm (D:3)
  3 dart slugs
  14 orcs
  7 ball pythons
  7 endoplasms
  2 giant cockroaches
  11 goblins
  5 hobgoblins
  6 jackals
  5 quokkas
  3 bats (D:1)
  6 kobolds
  5 rats
118 creatures vanquished.

Notes
Turn   | Place    | Note
-------+----------+-------------------------------------------
     0 | D:1      | Persephone the Octopode Fighter began the quest for the
                  | Orb.
     0 | D:1      | Reached XP level 1. HP: 16/16 MP: 1/1
   108 | D:1      | Reached XP level 2. HP: 21/21 MP: 2/2
   753 | D:1      | Reached XP level 3. HP: 7/26 MP: 3/3
  1143 | D:1      | Found a faded altar of an unknown god.
  1420 | D:1      | Prayed at the altar of an unknown god.
  1420 | D:1      | Became a worshipper of Gozag Ym Sagoz the Greedy
  1546 | D:2      | Reached skill level 3 in Long Blades
  1579 | D:2      | Found a blossoming altar of Fedhas.
  1765 | D:2      | Reached XP level 4. HP: 31/31 MP: 4/4
  2205 | D:3      | Noticed a bullfrog
  2211 | D:3      | Killed a bullfrog
  2212 | D:3      | Reached XP level 5. HP: 33/37 MP: 5/5
  2500 | D:3      | Reached skill level 4 in Long Blades
  2615 | D:3      | Reached XP level 6. HP: 37/43 MP: 6/6
  3088 | D:4      | Found a snail-covered altar of Cheibriados.
  3166 | D:4      | Noticed Natasha
  3169 | D:4      | Killed Natasha
  3216 | D:4      | Noticed Natasha
  3225 | D:4      | Killed Natasha
  4002 | D:4      | Found Fysung's General Store.
  4301 | D:4      | Noticed Natasha
  4305 | D:4      | Killed Natasha
  4456 | D:5      | Entered Level 5 of the Dungeon
  4492 | D:5      | Reached XP level 7. HP: 40/48 MP: 7/7
  4499 | D:5      | Reached skill level 5 in Long Blades
  4557 | D:5      | Found a glowing silver altar of Zin.
  4754 | D:5      | Reached XP level 8. HP: 54/54 MP: 8/8
  4781 | D:5      | Reached skill level 6 in Long Blades
  4781 | D:5      | Reached skill level 5 in Dodging
  4781 | D:5      | Reached skill level 5 in Shields
  4786 | D:5      | Reached skill level 5 in Fighting
  4938 | D:5      | Found a glowing golden altar of the Shining One.
  6116 | D:6      | Found Basup's Jewellery Boutique.
  6116 | D:6      | You fall into a shaft and drop 3 floors!
  6125 | D:9      | Identified the +4 war axe of the Vase {vorpal, Fragile Fly
                  | rElec}
  6138 | D:9      | Noticed a two-headed ogre
  6140 | D:9      | Reached skill level 7 in Long Blades
  6154 | D:9      | HP: 2/56 [two-headed ogre/+0 giant club (21)]
  6155 | D:9      | Annihilated by a two-headed ogre

Illustrated notes

Levels and vault maps discovered:
D:1:      wheals_arrival_linesprint, layout_basic,
          shapermc_ecumenical_altar_flowoftime, chequers_big_river
D:2:      layout_rooms, basic_altar
D:3:      layout_rooms, minmay_quadrilaterals
D:4:      layout_basic, slow_altar_1, serial_shops, shop,
          mrwooster_statue_mirror, uniq_natasha
D:5:      layout_cave_pods, mainiacjoe_overflow_alcove_2,
          mainiacjoe_overflow_24_doors, kennysheep_generic_room_8
D:6:      layout_basic, serial_shops, kennysheep_little_box
D:9:      layout_roguey, minmay_fractal_squares_diagonal_5

Skill      XL: |  1  2  3  4  5  6  7  8 |
---------------+-------------------------+-----
Long Blades    | 3 4 5 7 |  7.1
Shields        | 4 5 |  5.6
Fighting       | 4 5 |  5.5
Dodging        | 4 5 |  5.6

Action                   |  1- 3 |  4- 6 |  7- 9 || total
-------------------------+-------+-------+-------++-------
Melee: Long sword        |    57 |    88 |   131 ||   276
       Tentacles         |     9 |    23 |    30 ||    62
       Constrict         |     9 |    30 |    24 ||    63
       Punch             |     2 |       |     4 ||     6
Throw: Dart              |       |    15 |     1 ||    16
  Use: Potion            |     1 |       |       ||     1
       Scroll            |       |    11 |     2 ||    13
 Stab: Sleeping          |     6 |    10 |     5 ||    21
       Distracted        |       |     1 |     1 ||     2
Armor: Skin              |     4 |     5 |    25 ||    34
Dodge: Dodged            |    31 |    53 |    81 ||   165
Block: Buckler           |    11 |    19 |    44 ||    74
